 Dungeon Crawl Stone Soup version 0.31-a0-180-g519b7de00c (webtiles) character file.

Game seed: 2652157655409190

242267 juan097 the Peltast (level 20, -10/157 (166) HPs)
             Began as a Formicid Fighter on June 19, 2023.
             Was the Champion of Makhleb.
             Mangled by a peacekeeper (19 damage)
             ... in the Desolation of Salt.
             The game lasted 02:04:03 (44128 turns).

juan097 the Peltast (Formicid Fighter)             Turns: 44128, Time: 02:04:03

HP:   -10/157 (166) AC: 37    Str: 30    XL:     20   Next: 16%
MP:   32/32         EV: 12    Int: 14    God:    Makhleb [******]
Gold: 1559          SH: 26    Dex: 15    Spells: 18/25 levels left

rFire   + + .        a - +1 morningstar (protect)
rCold   + . .        M - +1 tower shield {AC+3}
rNeg    + . .        Y - +0 storm dragon scales
rPois   +            (helmet unavailable)
rElec   +            E - +2 cloak {Will+}
rCorr   .            t - +2 pair of gloves {Str+3}
SInv    +            Q - +2 pair of boots
Will    ++++.        S - amulet of Giohirgh {Reflect rPois rF+ SH+5}
Stlth   +            J - ring "Egikac" {Fly rN+ Int+5}
HPRegen 0.46/turn    L - ring "Siul" {rElec rF+ rC+ Will+, =R}
MPRegen 0.23/turn

%: reflection
@: under a protective aura, flying, drained, invisible
A: permanent stasis, dig shafts and tunnels, antennae 3, four strong arms
}: 2/15 runes: decaying, serpentine
a: Dig, Renounce Religion, Minor Destruction, Lesser Servant of Makhleb, Major
Destruction, Greater Servant of Makhleb


You were in the Desolation of Salt.
You worshipped Makhleb.
Makhleb was exalted by your worship.
You visited 6 branches of the dungeon, and saw 31 of its levels.
You also visited: Ossuary, Gauntlet and Desolation.

You collected 3072 gold pieces.
You spent 1513 gold pieces at shops.

Inventory:

Hand Weapons
 a - a +1 morningstar of protection (weapon)
 b - the +11 sling of Exquisite Death {drain, rPois Will+ Str+6}
   (You found it on level 3 of the Snake Pit)

   Str:       It affects your strength (+6).
   rPois:     It protects you from poison.
   Will:      It increases your willpower.
 y - a +2 orcbow of electrocution
Missiles
 d - a throwing net
 G - 17 boomerangs
 I - 10 atropa-tipped darts
 N - 5 silver javelins
 T - 3 curare-tipped darts
Armour
 t - a +2 pair of gloves of strength (worn)
 E - a +2 cloak of willpower (worn)
 M - a +1 tower shield of protection (worn)
 Q - a +2 pair of boots (worn)
 Y - +0 storm dragon scales (worn)
Jewellery
 c - a ring of willpower
 j - a ring of resist corrosion
 k - the ring of Yntom {rC+ MP+9 Int+3}
   (You found it in the Desolation of Salt)

   [ring of magical power]

   Int:       It affects your intelligence (+3).
   rC:        It protects you from cold.
   MP:        It affects your magic capacity (+9).
 o - the ring "Ulyti" {rElec SInv}
   (You found it in the Desolation of Salt)

   [ring of see invisible]

   rElec:     It insulates you from electricity.
   SInv:      It lets you see invisible.
 J - the ring "Egikac" (left hand) {Fly rN+ Int+5}
   (You found it in a Gauntlet)

   [ring of flight]

   Int:       It affects your intelligence (+5).
   rN:        It protects you from negative energy.
   Fly:       It grants you flight.
 L - the ring "Siul" (right hand) {rElec rF+ rC+ Will+, =R}
   (You bought it in a shop on level 2 of the Orcish Mines)

   [ring of willpower]

   rF:        It protects you from fire.
   rC:        It protects you from cold.
   rElec:     It insulates you from electricity.
   Will:      It increases your willpower.
 S - the amulet of Giohirgh (around neck) {Reflect rPois rF+ SH+5}
   (You bought it in a shop on level 2 of the Orcish Mines)

   [amulet of reflection]

   It reflects blocked missile attacks.
   rF:        It protects you from fire.
   rPois:     It protects you from poison.
   SH:        It affects your SH (+5).
Wands
 z - a wand of mindburst (12)
 H - a wand of iceblast (45)
 K - a wand of flame (90)
 O - a wand of charming (5)
 U - a wand of digging (21)
Scrolls
 m - 2 scrolls of fog
 n - 4 scrolls of immolation
 p - 5 scrolls of revelation
 q - 3 scrolls of enchant weapon
 C - 5 scrolls of fear
 P - 6 scrolls of poison
 Z - a scroll of enchant armour
Potions
 e - 10 potions of ambrosia
 f - 8 potions of curing
 g - 2 potions of resistance
 l - 2 potions of attraction
 u - 2 potions of cancellation
 v - 6 potions of lignification
 A - 6 potions of magic
 B - a potion of might
 D - 4 potions of enlightenment
Miscellaneous
 h - a sack of spiders (inert)
 i - a phantom mirror
 s - a condenser vane (inert)
 F - a lightning rod (4/4)
 X - a phial of floods (inert)


   Skills:
 + Level 16.6 Fighting
 - Level 16.0 Maces & Flails
 - Level 8.0 Ranged Weapons
 + Level 14.7 Armour
 - Level 8.0 Dodging
 + Level 7.2 Stealth
 - Level 18.0 Shields
 - Level 3.0 Spellcasting
 - Level 8.0 Transmutations
 - Level 16.0 Invocations
 - Level 10.0 Evocations


You had 18 spell levels left.
You knew the following spells:

 Your Spells              Type           Power      Damage    Failure   Level
a - Apportation           Tloc           4%         N/A       75%         1
b - Wereblood             Tmut           24%        N/A       7%          2
c - Passage of Golubria   Tloc           2%         N/A       100%        4

Your spell library contained the following spells:

 Spells                   Type           Power      Damage    Failure   Level
 Foxfire                  Conj/Fire      8%         2x1d4     75%         1
 Necrotise                Necr           8%         1d4       75%         1
 Slow                     Hex            8%         N/A       75%         1
 Summon Small Mammal      Summ           8%         N/A       75%         1
 Ignite Poison            Fire/Tmut/Pois 9%         N/A       77%         3
 Blade Hands              Tmut           12%        N/A       77%         5
 Scorch                   Fire           4%         2d5       87%         2
 Static Discharge         Conj/Air       4%         2-3/arc   87%         2
 Sublimation of Blood     Necr           2%         N/A       87%         2
 Ice Form                 Ice/Tmut       13%        N/A       92%         4
 Petrify                  Tmut/Erth      13%        N/A       92%         4
 Frozen Ramparts          Ice            4%         1d1       98%         3
 Gell's Gravitas          Tloc           2%         N/A       98%         3
 Hailstorm                Conj/Ice       2%         3d3       98%         3
 Portal Projectile        Hex/Tloc       4%         N/A       98%         3
 Tukima's Dance           Hex            2%         N/A       98%         3
 Alistair's Intoxication  Tmut/Pois      8%         N/A       99%         5
 Irradiate                Conj/Tmut      6%         3d13      99%         5
 Yara's Violent Unravell  Hex/Tmut       6%         3d5       99%         5
 Airstrike                Air            1%         2d(1-17)  100%        4
 Animate Dead             Necr           2%         N/A       100%        4
 Flame Wave               Conj/Fire      2%         2d4       100%        4
 Leda's Liquefaction      Hex/Erth       1%         N/A       100%        4
 Sticky Flame             Conj/Fire      2%         2d3       100%        4
 Summon Ice Beast         Ice/Summ       2%         N/A       100%        4
 Summon Lightning Spire   Summ/Air       2%         N/A       100%        4
 Borgnjor's Vile Clutch   Necr/Erth      1%         N/A       100%        5
 Fireball                 Conj/Fire      1%         3d3       100%        5
 Iskenderun's Battlesphe  Conj           2%         2d6       100%        5
 Lee's Rapid Deconstruct  Erth           1%         3d4*      100%        5
 Metabolic Englaciation   Hex/Ice        1%         N/A       100%        5
 Death Channel            Necr           1%         N/A       100%        6
 Eringya's Noxious Bog    Tmut/Pois      6%         N/A       100%        6
 Leda's Unmaking          Conj/Erth      1%         9d1       100%        6
 Plasma Beam              Fire/Air       1%         2x1d11    100%        6
 Simulacrum               Ice/Necr       1%         N/A       100%        6
 Starburst                Conj/Fire      1%         6d3       100%        6
 Statue Form              Tmut/Erth      8%         N/A       100%        6
 Summon Cactus Giant      Summ           1%         N/A       100%        6
 Dragon Form              Tmut           12%        N/A       100%        7
 Haunt                    Necr/Summ      1%         N/A       100%        7
 Spellforged Servitor     Conj/Summ      1%         N/A       100%        7
 Summon Hydra             Summ           1%         N/A       100%        7
 Disjunction              Tloc           1%         N/A       100%        8
 Ignition                 Fire           1%         3d3       100%        8
 Lehudib's Crystal Spear  Conj/Erth      1%         10d2      100%        8
 Chain Lightning          Conj/Air       1%         3d1       100%        9
 Fire Storm               Conj/Fire      1%         7d1       100%        9
 Shatter                  Erth           1%         3d5*      100%        9


Dungeon Overview and Level Annotations

Branches:
Dungeon (15/15)            Temple (0/1) D:6            Lair (5/5) D:9
  Swamp (4/4) Lair:2        Snake (4/4) Lair:2        Slime (0/5) Lair:5
    Orc (2/2) D:10            Elf (0/3) Orc:2        Vaults (1/5) D:14
 Depths (0/4) D:15        Ossuary (visited)         Desolation (1/1)
Gauntlet (visited)

Altars:
Dithmenos
Elyvilon
Hepliaklqana
Kikubaaqudgha
Makhleb
Okawaru
Qazlal
Ru
Sif Muna
Trog
Zin
Jiyva

Shops:
D:10 [   Orc:2 =([=   Snake:1 [==:

Portals:
Abyss: Snake:3
Trove: D:11 (give +5 demon whip)

Annotations:
D:4 1 transporter
D:7 2 transporters, rinse's ghost, novice KoDe
Snake:3 2 transporters, Isatud's ghost, journeyman TeFE
Snake:4 1 runed translucent door, Omirghalokh's ghost, adept DrCj


Innate Abilities, Weirdness & Mutations

You cannot be hasted, slowed, berserked, paralysed or teleported.
You can dig through walls and to a lower floor.
You have a pair of large antennae on your head. (SInv)
Your four strong arms can wield two-handed weapons with a shield.


Message History

The servant of whispers hits you but does no damage.
You block the peacekeeper's attack. The peacekeeper misses you.
You block the servant of whispers's attack.
The saltling hits you but does no damage.
You block the saltling's attack.
Aiming: Major Destruction (0% risk of failure)
Press: ? - help, Shift-Dir - straight line, f - halazid warlock, p - halazid warlock
Aim: a halazid warlock (salt, strong, sheltered from injuries)
The bolt of magma hits the halazid warlock!!
The halazid warlock is severely damaged.
The bolt of magma misses the halazid warlock.
You howl as the wereblood boils in your veins!
Your primal bloodlust has ended.
You block the peacekeeper's attack. x2
You block the servant of whispers's attack.
The saltling misses you.
The servant of whispers mumbles some strange prayers to its god.
The air becomes perfectly still.
You block the saltling's attack.
Aim the phial where?
Press: ? - help, Shift-Dir - straight line, f - halazid warlock, p - halazid warlock
Aim: a halazid warlock (severely damaged, sheltered from injuries)
The torrent of water hits the halazid warlock!
The halazid warlock is severely damaged.
The halazid warlock is knocked back by the torrent of water.
The halazid warlock collides with the guardian serpent!
The guardian serpent is lightly wounded.
The halazid warlock is severely damaged.
The wave splashes down.
The guardian serpent is engulfed in water.
The ragged hierophant is engulfed in water.
The servant of whispers is engulfed in water. x2
You hear a shout!
The saltling no longer looks unusually strong. x3
You block the peacekeeper's attack. x2
The servant of whispers splashes around in the water.
You block the servant of whispers's attack.
The saltling splashes around in the water.
The peacekeeper bites you!!
You die...

.. ...
..####..........#......
.##....##...............
........#..............
###....####.....999.....
.=#8..8#..#...~99S9.a...
..........#...99Sa9ap...
.[........#...99LaL9p...
..#8..8#.[#...{#@a99....
###....####..999a99.....
#........#†.....99......
.##....##........#......
...####.................
........................
........................
########################
######################


You could see 2 ragged hierophants, 4 servants of whispers, 2 halazid warlocks,
a crystal guardian (summoned, sheltered), 2 ironbound convokers, 2 peacekeepers,
2 guardian serpents and 18 saltlings.

Vanquished Creatures
  Nikola (Swamp:3)
  Mlioglotl (Snake:1)
  Roxanne (Swamp:4)
  6 nagarajas
  A fenstrider witch (Swamp:3)
  A fire giant (D:15)
  Aizul (Snake:1)
  6 eleionomae
  2 bunyips
  A halazid warlock (Desolation)
  A minotaur (Gauntlet)
  A crystal guardian (Desolation)
  A shambling mangrove (Swamp:4)
  An entropy weaver (shapeshifter) (D:15)
  A servant of whispers (Desolation)
  A vault guard (D:14)
  A salamander tyrant (Snake:1)
  9 anacondas
  17 hydras
  A ghost crab (Swamp:1)
  3 peacekeepers
  4 catoblepae
  An ogre mage (D:15)
  The ghost of fecund the Covert, a journeyman VSEn of Uskayaw (Lair:3)
  2 boulder beetles
  6 two-headed ogres
  2 centaur warriors
  7 alligators
  A death knight (D:13)
  A tengu warrior (D:15)
  18 naga warriors
  17 death yaks
  22 naga sharpshooters
  2 spriggan berserkers (Swamp:4)
  5 shock serpents
  Sonja (D:12)
  A skyshark (Lair:5)
  7 salamander mystics
  12 skeletal warriors
  A fire crab (Gauntlet)
  7 goliath frogs
  5 sea snakes (Snake:4)
  4 anaconda zombies (Snake:3)
  5 spectral anacondas (Snake:3)
  2 wizards
  4 spriggan druids
  4 naga ritualists
  A phantasmal warrior (D:14)
  5 bog bodies
  An ironbound convoker (Desolation)
  4 lindwurms
  5 swamp dragons
  A deep elf pyromancer (D:13)
  7 mana vipers
  3 anaconda skeletons (Snake:3)
  14 ugly things
  5 cyclopes
  An orc knight (Orc:1)
  2 oklob plants
  An orc sorcerer (Orc:2)
  5 manticores
  3 will-o-the-wisps
  14 salamanders
  13 elephants (Lair:5)
  8 guardian serpents
  26 black mambas
  Joseph (D:8)
  14 naga magi
  2 gargoyles
  A torpor snail (Lair:3)
  14 cane toads
  A molten gargoyle (Gauntlet)
  2 unseen horrors
  4 komodo dragons
  A tengu conjurer (D:15)
  3 rime drakes
  A freezing wraith (D:14)
  6 anaconda simulacra (Snake:3)
  5 trolls
  A queen bee (Lair:4)
  3 polar bears
  4 tyrant leeches (Swamp:3)
  5 meliai
  23 saltlings
  A hornet (shapeshifter) (D:15)
  Grinder (D:3)
  8 hornets
  10 dream sheep
  3 slime creatures (D:13)
  4 shadows
  11 spriggans
  A vampire (D:12)
  37 yaks
  4 wyverns
  2 basilisks (Lair:5)
  3 wraiths
  2 fire bats (Gauntlet)
  An unseen horror simulacrum (D:9)
  A steam dragon (D:9)
  15 vampire mosquitoes
  A warg (Orc:1)
  13 swamp worms
  38 nagas
  32 water moccasins
  A water moccasin (shapeshifter) (D:14)
  3 swamp drakes (Swamp:4)
  5 sky beasts
  2 ice beasts
  38 orc warriors
  9 ogres
  22 centaurs
  22 wolves
  A kobold brigand (D:9)
  A phantom (D:5)
  2 gnoll sergeants
  13 bullfrogs
  9 scorpions
  17 wights
  10 howler monkeys
  28 killer bees
  4 electric eels
  5 human zombies (Ossuary)
  A centaur zombie (Ossuary)
  5 hounds
  4 jellies
  A gnoll bouda (D:7)
  14 orc priests
  6 scorpion zombies (Ossuary)
  2 sleepcaps
  25 orc wizards
  Ijyb (D:3)
  4 iguanas
  Terence (D:3)
  A centaur simulacrum (D:9)
  3 mummies (Ossuary)
  23 adders
  18 gnolls
  4 white imps
  2 howler monkey simulacra (D:9)
  2 ufetubi
  A worm (D:5)
  3 dart slugs
  72 orcs
  7 endoplasms
  2 giant cockroaches (D:1)
  2 gnoll zombies (Ossuary)
  7 goblins
  4 hobgoblins
  3 jackals (D:3)
  5 quokkas
  7 ball pythons
  A bat (D:2)
  9 frilled lizards
  3 goblin zombies (Ossuary)
  2 hobgoblin zombies (Ossuary)
  11 kobolds
  2 kobold zombies (Ossuary)
  An orc zombie (Ossuary)
  3 rats
1052 creatures vanquished.

Vanquished Creatures (collateral kills)
  A tentacled monstrosity (Swamp:4)
  A thorn hunter (Swamp:4)
  An imperial myrmidon (Desolation)
  A reaper (Gauntlet)
  A halazid warlock (Desolation)
  10 hydras
  A death yak (Lair:5)
  3 swamp dragons (Swamp:4)
  2 bog bodies (Swamp:4)
  A phantasmal warrior (D:14)
  4 ugly things (D:15)
  An elephant (Lair:5)
  A hellwing (Gauntlet)
  3 saltlings (Desolation)
  A dream sheep (Lair:5)
  A swamp worm (Swamp:3)
  4 swamp drakes (Swamp:4)
  An electric eel (Lair:1)
38 creatures vanquished.

Vanquished Creatures (others)
  A naga warrior (Snake:3)
  A salamander mystic (Snake:4)
  A bloated husk (Swamp:2)
  2 saltlings (Desolation)
  A centaur (Orc:2)
  An orc priest (Orc:2)
  3 orcs (Orc:2)
  12 foxfires
22 creatures vanquished.

Grand Total: 1112 creatures vanquished

Notes
Turn   | Place    | Note
-------+----------+-------------------------------------------
     0 | D:1      | juan097 the Formicid Fighter began the quest for the Orb.
     0 | D:1      | Reached XP level 1. HP: 18/18 MP: 1/1
    79 | D:1      | Reached XP level 2. HP: 22/24 MP: 2/2
   707 | D:2      | Reached XP level 3. HP: 29/29 MP: 3/3
   713 | D:2      | Found a burning altar of Makhleb.
  1051 | D:2      | Reached skill level 1 in Stealth
  1482 | D:2      | Became a worshipper of Makhleb the Destroyer
  1509 | D:3      | Noticed Terence
  1669 | D:3      | Reached skill level 1 in Dodging
  1677 | D:3      | Reached XP level 4. HP: 33/36 MP: 4/4
  1700 | D:3      | Noticed Ijyb
  1734 | D:3      | Killed Ijyb
  1770 | D:3      | Noticed Grinder
  1791 | D:3      | Killed Grinder
  1792 | D:3      | Reached skill level 5 in Shields
  1792 | D:3      | Reached XP level 5. HP: 28/42 MP: 5/5
  1792 | D:3      | Reached XP level 6. HP: 32/48 MP: 6/6
  2058 | D:3      | Killed Terence
  2258 | D:3      | Found a hazy altar of Hepliaklqana.
  2560 | D:4      | Reached * piety under Makhleb
  2709 | D:4      | Reached XP level 7. HP: 43/54 MP: 7/7
  3011 | D:4      | Found a transporter.
  3357 | D:4      | Found a transporter.
  3556 | D:5      | Entered Level 5 of the Dungeon
  3640 | D:5      | Found a sand-covered staircase.
  3645 | Ossuary  | Entered an ossuary
  3713 | Ossuary  | Reached XP level 8. HP: 44/61 MP: 8/8
  3893 | Ossuary  | Reached skill level 5 in Maces & Flails
  3929 | Ossuary  | Reached skill level 5 in Fighting
  3935 | Ossuary  | Reached ** piety under Makhleb
  3971 | Ossuary  | Reached skill level 5 in Armour
  3985 | Ossuary  | Reached skill level 6 in Shields
  4345 | Ossuary  | Reached skill level 5 in Stealth
  4345 | Ossuary  | Reached XP level 9. HP: 68/68 MP: 9/9
  4469 | D:5      | Found a sacrificial altar of Ru.
  5376 | D:6      | Identified the ring "Cisahaol" {rF- MP+9 Int+3 SInv}
  5710 | D:6      | Reached skill level 1 in Invocations
  5763 | D:6      | Found a staircase to the Ecumenical Temple.
  5871 | D:6      | Identified the +0 leather armour of Wilunn {Dex+3}
  6567 | D:7      | Reached *** piety under Makhleb
  6581 | D:7      | Reached XP level 10. HP: 73/76 MP: 12/12
  6590 | D:7      | Noticed a gargoyle
  6598 | D:7      | Killed a gargoyle
  6659 | D:7      | Reached skill level 5 in Invocations
  7069 | D:7      | Reached skill level 10 in Maces & Flails
  7245 | D:7      | Found a transporter.
  7250 | D:7      | Noticed rinse's ghost (novice KoDe)
  7251 | D:7      | Noticed a two-headed ogre
  7252 | D:7      | Noticed a moth of wrath
  7285 | D:7      | Found a transporter.
  7307 | D:7      | Found a bloodstained altar of Trog.
  7518 | D:7      | Found a shadowy altar of Dithmenos.
  7521 | D:7      | Found an iron altar of Okawaru.
  7997 | D:7      | Reached **** piety under Makhleb
  8161 | D:7      | Identified a scroll of acquirement
  8433 | D:4      | You fall into a shaft and drop 2 floors!
  9076 | D:8      | Identified the +5 ring mail of Uderphate {Harm rElec rN+
                  | Int-5}
  9100 | D:8      | Reached XP level 11. HP: 81/83 MP: 15/15
  9244 | D:8      | Noticed Joseph
  9271 | D:8      | Killed Joseph
  9743 | D:8      | Acquired a manual of Maces & Flails
 10378 | D:9      | Reached skill level 5 in Dodging
 10837 | D:9      | Found a shimmering blue altar of Sif Muna.
 10841 | D:9      | Found a glowing silver altar of Zin.
 10844 | D:9      | Found an ancient bone altar of Kikubaaqudgha.
 10847 | D:9      | Found a stormy altar of Qazlal.
 10997 | D:9      | Found a staircase to the Lair.
 11087 | Lair:1   | Entered Level 1 of the Lair of Beasts
 11193 | Lair:1   | Reached ***** piety under Makhleb
 11362 | Lair:1   | Noticed a seven-headed hydra
 11371 | Lair:1   | Killed a seven-headed hydra
 11630 | Lair:1   | Reached XP level 12. HP: 46/94 MP: 11/17
 12512 | Lair:2   | Noticed a death yak
 12512 | Lair:2   | Noticed a death yak
 12550 | Lair:2   | Noticed a six-headed hydra
 12568 | Lair:1   | Killed a six-headed hydra
 12797 | Lair:2   | Found a staircase to the Snake Pit.
 12913 | Lair:2   | Noticed a death yak
 12936 | Lair:1   | Killed a death yak
 12959 | Lair:2   | Killed a death yak
 13098 | Lair:2   | Noticed a death yak
 13107 | Lair:1   | Killed a death yak
 13525 | Lair:2   | Noticed a death yak
 13526 | Lair:2   | Noticed a death yak
 13538 | Lair:1   | Killed a death yak
 13539 | Lair:1   | Reached skill level 10 in Armour
 13581 | Lair:2   | Noticed a death yak
 13598 | Lair:2   | Killed a death yak
 13599 | Lair:2   | Reached skill level 10 in Fighting
 13599 | Lair:2   | Reached XP level 13. HP: 103/103 MP: 19/19
 13640 | Lair:2   | Found a staircase to the Swamp.
 13844 | Lair:2   | Reached skill level 1 in Evocations
 14302 | Lair:3   | Found a runed translucent gate.
 14302 | Lair:3   | Found a runed translucent gate.
 14302 | Lair:3   | Found a runed translucent gate.
 14304 | Lair:3   | Noticed fecund's ghost (journeyman VSEn)
 14546 | Lair:3   | Reached skill level 10 in Invocations
 14619 | Lair:3   | Noticed a four-headed hydra
 14629 | Lair:3   | Killed a four-headed hydra
 15251 | Lair:4   | Identified the +2 war axe of the Glimmering Enemy {flame,
                  | rElec}
 15290 | Lair:4   | Noticed a five-headed hydra
 15309 | Lair:4   | Killed a five-headed hydra
 15310 | Lair:4   | Reached skill level 15 in Maces & Flails
 15592 | Lair:4   | Reached skill level 5 in Evocations
 15780 | Lair:4   | Reached ****** piety under Makhleb
 16411 | Lair:5   | Entered Level 5 of the Lair of Beasts
 16495 | Lair:5   | Reached XP level 14. HP: 97/114 MP: 17/21
 16848 | Lair:5   | Learned a level 1 spell: Apportation
 17401 | Lair:5   | Identified the +5 mace "Ettin" {drain, *Slow rF++ Dex+6}
 17660 | Lair:5   | Found a staircase to the Slime Pits.
 18269 | Lair:5   | Reached XP level 15. HP: 114/123 MP: 20/23
 18871 | Lair:5   | Found a viscous altar of Jiyva.
 19014 | Lair:3   | Killed fecund's ghost
 19173 | D:10     | Entered Level 10 of the Dungeon
 19196 | D:10     | Found Hubiel's Armour Shoppe.
 20040 | D:10     | Found a staircase to the Orcish Mines.
 20510 | Orc:1    | Entered Level 1 of the Orcish Mines
 20658 | Orc:2    | Entered Level 2 of the Orcish Mines
 20965 | Orc:2    | Reached skill level 1 in Ranged Weapons
 21054 | Orc:2    | Found a staircase to the Elven Halls.
 22394 | Orc:2    | Found Rooh's Antique Weapon Boutique.
 22394 | Orc:2    | Found Qimpes's Armour Emporium.
 22396 | Orc:2    | Found Foxepoeq's Jewellery Shoppe.
 22398 | Orc:2    | Found Riomam's Jewellery Shop.
 22846 | Orc:2    | Bought the ring "Siul" {rElec rF+ rC+ Will+} for 742 gold
                  | pieces
 22853 | Orc:2    | Bought the amulet of Giohirgh {Reflect rPois rF+ SH+5} for
                  | 771 gold pieces
 23274 | D:11     | Found a white marble altar of Elyvilon.
 23383 | D:11     | Found a portal to a secret trove of treasure.
 23706 | D:12     | Noticed Sonja
 23708 | D:12     | Killed Sonja
 24913 | D:13     | Found a sacrificial altar of Ru.
 25429 | D:14     | Reached skill level 10 in Evocations
 26042 | D:14     | Reached XP level 16. HP: 133/133 MP: 25/25
 26063 | D:14     | Reached skill level 7 in Shields
 26083 | D:14     | Reached skill level 5 in Ranged Weapons
 26187 | D:14     | Found a gate to the Vaults.
 26604 | D:15     | Entered Level 15 of the Dungeon
 26698 | D:15     | Reached skill level 8 in Shields
 26736 | D:15     | Found a gate leading to a gauntlet.
 26750 | Gauntlet | Entered a Gauntlet
 26750 | Gauntlet | Found a transporter.
 26750 | Gauntlet | Found a transporter.
 26756 | Gauntlet | Found a transporter.
 26758 | Gauntlet | Found a transporter.
 26766 | Gauntlet | Found a transporter.
 26770 | Gauntlet | Found a transporter.
 26780 | Gauntlet | Found a transporter.
 26867 | Gauntlet | Found a transporter.
 26871 | Gauntlet | Found a transporter.
 26881 | Gauntlet | Found a transporter.
 26885 | Gauntlet | Found a transporter.
 26897 | Gauntlet | Found a transporter.
 27130 | Gauntlet | Identified the ring of Compassion {rPois rCorr Str-4 Int+6
                  | Slay-5}
 27176 | Gauntlet | Identified the ring "Egikac" {Fly rN+ Int+5}
 27427 | Gauntlet | Identified the ring "Cauguj" {*Corrode rElec rF+ Str-2
                  | Stlth+}
 27427 | Gauntlet | Identified the +1 arbalest "Ipyhyok" {heavy, rElec rC+
                  | MP+9}
 27427 | Gauntlet | Identified the +0 ring mail of an ossuary {Int+3}
 27550 | D:15     | Found a staircase to the Depths.
 27552 | D:15     | Noticed a fire giant
 27562 | D:15     | Killed a fire giant
 27712 | D:15     | Reached skill level 9 in Shields
 28179 | D:15     | Reached skill level 10 in Shields
 29353 | Swamp:1  | Entered Level 1 of the Swamp
 29705 | Swamp:1  | Reached skill level 11 in Shields
 30307 | Swamp:1  | Reached skill level 12 in Shields
 30381 | Swamp:1  | Learned a level 2 spell: Wereblood
 30432 | Swamp:1  | Reached XP level 17. HP: 136/139 MP: 27/27
 30625 | Swamp:1  | Reached skill level 1 in Transmutations
 31419 | Swamp:2  | Reached skill level 13 in Shields
 32543 | Swamp:3  | Reached skill level 5 in Transmutations
 32704 | Swamp:3  | Noticed Nikola
 32725 | Swamp:3  | Killed Nikola
 33210 | Swamp:4  | Entered Level 4 of the Swamp
 33237 | Swamp:4  | Reached skill level 14 in Shields
 33433 | Swamp:4  | Noticed a tentacled monstrosity
 33455 | Swamp:4  | Killed a tentacled monstrosity
 33521 | Swamp:4  | Reached skill level 15 in Invocations
 33833 | Swamp:4  | Noticed Roxanne
 33918 | Swamp:4  | Killed Roxanne
 34280 | Swamp:4  | Reached XP level 18. HP: 85/146 MP: 30/30
 34733 | Swamp:4  | Got a decaying rune of Zot
 34914 | Snake:1  | Entered Level 1 of the Snake Pit
 34978 | Snake:1  | Noticed Aizul
 35007 | Snake:1  | Killed Aizul
 35488 | Snake:1  | Found Rockuop's Book Shop.
 35489 | Snake:1  | Found Xady's Jewellery Shoppe.
 35504 | Snake:1  | Found Qetenoipiv's Jewellery Shoppe.
 35681 | Snake:1  | Found Vanee's Armour Shop.
 36367 | Snake:1  | Reached skill level 1 in Spellcasting
 36441 | Snake:2  | Noticed Mlioglotl
 36617 | Snake:1  | Killed Mlioglotl
 37272 | Snake:2  | Reached skill level 15 in Fighting
 38877 | Snake:3  | Found a transporter.
 38883 | Snake:3  | Found a one-way gate to the infinite horrors of the Abyss.
 38883 | Snake:3  | Noticed Isatud's ghost (journeyman TeFE)
 38886 | Snake:3  | Noticed a tentacled monstrosity
 39081 | Snake:3  | Reached XP level 19. HP: 155/155 MP: 31/31
 39143 | Snake:3  | Found a transporter.
 39372 | Snake:3  | Identified the +11 sling of Exquisite Death {drain, rPois
                  | Will+ Str+6}
 40081 | Snake:4  | Entered Level 4 of the Snake Pit
 40398 | Snake:4  | Reached skill level 15 in Shields
 41173 | Snake:4  | Reached skill level 16 in Shields
 41360 | Snake:4  | Found a runed translucent door.
 41362 | Snake:4  | Noticed Omirghalokh's ghost (adept DrCj)
 41635 | Snake:4  | Reached skill level 17 in Shields
 42203 | Snake:4  | Reached skill level 18 in Shields
 42292 | Snake:4  | Got a serpentine rune of Zot
 42945 | Vaults:1 | Entered Level 1 of the Vaults
 43075 | Vaults:1 | Found a crumbling gateway.
 43122 | Desolati | Entered the Desolation of Salt
 43370 | Desolati | Reached XP level 20. HP: 160/166 MP: 32/32
 43689 | Desolati | Identified the +5 flail of Banur {elec, rC+}
 43691 | Desolati | Identified the ring of Yntom {rC+ MP+9 Int+3}
 43694 | Desolati | Got the Handbook of the Nasty Evil Eye
 43699 | Desolati | Got the Teachings on Quantum Terrain
 43708 | Desolati | Learned a level 4 spell: Passage of Golubria
 43950 | Desolati | Identified the +0 chain mail of Ludu {rN++ Dex-5}
 43954 | Desolati | Got the Opusculum on Points and Embers
 43965 | Desolati | Identified the ring "Ulyti" {rElec SInv}
 43968 | Desolati | Got Kikubaaqudgha's Anthology of Lamentation
 44124 | Desolati | HP: 6/157 [saltling (11)]
 44128 | Desolati | Mangled by a peacekeeper

Illustrated notes

Levels and vault maps discovered:
D:1:      amcnicky_arrival_gap_in_the_tavern_cellar, layout_loops_cross,
          glass_columns_b, chequers_serial_rivers_micro_a
D:2:      layout_basic, basic_altar
D:3:      layout_basic, pf_just_have_faith, serial_bayou_pond_c,
          roderic_nine_men_s_morris, uniq_grinder, uniq_terence, uniq_ijyb
D:4:      gammafunk_cloud_chamber, layout_cave_pods
D:5:      layout_rooms, lemuel_crystal_altar, enter_ossuary_2,
          grunt_ministairs_12
D:6:      layout_cave_pods, minmay_temple_entry_hall, amcnicky_mini_pool_small
D:7:      nzn_winding_woodlands_three_and_one [nzn_winding_woodlands_5x15_twine,
          nzn_winding_woodlands_5x15_concentric,
          nzn_winding_woodlands_5x15_cabin,
          nzn_winding_woodlands_center_garden], layout_basic,
          mainiacjoe_overflow_catwalk_spiral, gammafunk_ghost_wrathful_warriors
D:8:      layout_basic, uniq_joseph
D:9:      layout_loops_ring, grunt_temple_overflow_cloverleaf, lair_entry_dummy,
          serial_ice, serial_ice_d, serial_ice_j, serial_ice_h, serial_ice_e
D:10:     layout_layer_cave, david_orc_4, serial_shops, shop
D:11:     layout_rooms, enter_trove_3, nicolae_elyvilon_temple_path
D:12:     layout_rooms, nrook_mini_vaults, uniq_sonja
D:13:     layout_stronghold, nicolae_ru_sacrificial_ziggurat
D:14:     layout_irregular_city, david_vaults_5, solitary_fountain
D:15:     grunt_enter_depths_giant_problem, layout_layer_cave,
          nicolae_eternal_life, gauntlet_entry_generic
Lair:1:   lemuel_reptile_caves, layout_regular_city, infiniplex_staircase_pool
Lair:2:   layout_misc_corridors, swamp_mist_pool,
          minmay_snake_entry_spellcaster, serial_bayou_shore_a
Lair:3:   layout_concentric_octagons, ebering_ghost_rock_garden,
          serial_bayou_pond_e, serial_bayou_ford_a
Lair:4:   layout_roguey [special_room_bee], serial_bayou_shore_b
Lair:5:   evilmike_catoblepas_cave, layout_cave_pods,
          minmay_slime_entry_oklob_open, infiniplex_staircase_pool_2,
          grunt_megastairs_1
Swamp:1:  layout_basic_swamp, hangedman_swamp_lotus, nicolae_swamp_spriggan_camp
Swamp:2:  layout_basic_swamp, evilmike_swamp_ruin_rubble_2
Swamp:3:  layout_basic_swamp, hangedman_swamp_cone, uniq_nikola
Swamp:4:  swamp_basic_johnstein, layout_basic_swamp, uniq_roxanne
Snake:1:  layout_cave_shapes, serial_shops, nicolae_shop_peninsula,
          minmay_shop_grove, uniq_aizul
Snake:2:  layout_grid_shapes, uniq_mlioglotl
Snake:3:  layout_chambers, gammafunk_ghost_abyssal_escape,
          nicolae_snake_gridmaze_spiral, nicolae_snake_dead_anacondas
Snake:4:  snake_pit, layout_chambers, ebering_ghost_inner_flame,
          minmay_snake_pond
Orc:1:    layout_caves
Orc:2:    st_orc_rangers, layout_caves
Vaults:1: portal_desolation_entry_salt, v_misc_30, v_misc_1, vaults_mumra_lcd,
          nicolae_vaults_trapezoid_layered, nicolae_vaults_more_shelving_2,
          v_misc_4, hangedman_vaults_stretched_pinwheel, vaults_room_door_ring,
          ontoclasm_vaults_loading_screen, vaults_room_pool,
          layout_vaults_chaotic_city, uniq_asterion
Desolation

Skill      XL: |  1  2  3  4  5  6  7  8  9 10 11 12 13 14 15 16 17 18 19 20 |
---------------+-------------------------------------------------------------+-----
Stealth        | 1 2 3 5 6 7 |  7.2
Dodging        | 1 2 3 4 5 6 8 |  8.0
Fighting       | 4 5 6 8 10 11 13 14 15 16 | 16.6
Maces & Flails | 3 4 6 8 10 12 13 15 16 | 16.0
Armour         | 4 5 6 8 10 11 12 13 14 | 14.7
Shields        | 5 6 12 14 18 | 18.0
Invocations    | 3 6 9 10 11 13 14 16 | 16.0
Evocations     | 6 8 10 | 10.0
Ranged Weapons | 4 8 |  8.0
Transmutations | 6 8 |  8.0
Spellcasting   | 3 |  3.0

Action                     |  1- 3 |  4- 6 |  7- 9 | 10-12 | 13-15 | 16-18 | 19-21 || total
---------------------------+-------+-------+-------+-------+-------+-------+-------++-------
  Melee: Flail             |   103 |    60 |   180 |     5 |       |       |       ||   348
         Mace              |       |    23 |    34 |    21 |       |    21 |       ||    99
         Whip              |       |       |   195 |   351 |    90 |       |       ||   636
         Morningstar       |       |       |       |   437 |   927 |  1346 |   766 ||  3476
   Fire: Longbow           |       |    21 |    80 |   114 |    88 |       |       ||   303
         Orcbow            |       |       |       |       |   164 |   311 |   107 ||   582
         Sling             |       |       |       |       |       |       |     8 ||     8
  Throw: Dart              |       |     2 |       |       |     2 |     1 |       ||     5
         Throwing net      |       |       |       |     1 |       |       |     1 ||     2
   Cast: Wereblood         |       |       |       |       |       |    19 |    24 ||    43
 Invoke: Lesser Servant of |       |       |       |     2 |     1 |     2 |       ||     5
         Major Destruction |       |       |       |     1 |       |       |     2 ||     3
         Greater Servant o |       |       |       |       |       |     3 |     1 ||     4
Ability: Shaft Self        |       |       |       |     1 |       |       |       ||     1
         Dig               |       |       |       |     1 |     4 |     1 |     1 ||     7
  Evoke: Wand              |       |       |       |     1 |     3 |    12 |       ||    16
         Condenser vane    |       |       |       |       |       |     3 |     1 ||     4
         Phantom mirror    |       |       |       |       |       |     1 |       ||     1
         Phial of floods   |       |       |       |       |       |     1 |     1 ||     2
    Use: Scroll            |       |       |       |    18 |     6 |    11 |     2 ||    37
         Potion            |       |       |       |     5 |     2 |     7 |    11 ||    25
   Stab: Sleeping          |       |       |     2 |     1 |       |       |       ||     3
         Distracted        |       |       |       |     1 |     1 |     3 |     1 ||     6
         Petrified         |       |       |       |       |     3 |     2 |       ||     5
         Petrifying        |       |       |       |       |     1 |     1 |       ||     2
 Armour: Scale mail        |    55 |    23 |   154 |    72 |       |       |       ||   304
         Ring mail         |       |       |       |   212 |   428 |     7 |       ||   647
         Storm dragon scal |       |       |       |       |       |   668 |   272 ||   940
  Dodge: Dodged            |    57 |    29 |   161 |   449 |   790 |   519 |   216 ||  2221
  Block: Buckler           |    26 |    21 |    79 |   196 |   345 |       |       ||   667
         Kite shield       |       |       |       |       |    25 |  1194 |       ||  1219
         Reflection        |       |       |       |       |    11 |    96 |   108 ||   215
         Tower shield      |       |       |       |       |       |   102 |  1012 ||  1114

Table legend: (Time is in decaauts)
 A = Elapsed time spent in this place.
 B = Non-inter-level travel time spent in this place.
 C = Inter-level travel time spent in this place.
 D = Time resting spent in this place.
 E = Time spent auto-exploring this place.
 F = Levels seen in this place.
 G = Mean time per level.
                   A        B        C        D        E       F      G
               +--------+--------+--------+--------+--------+-----+--------+
         Total |  43558 |  41070 |   2488 |    164 |  30793 |  34 | 1281.1 |
       Dungeon |  17266 |  15993 |   1273 |      0 |  12573 |  15 | 1151.1 |
          Lair |   8647 |   8108 |    539 |      0 |   6246 |   5 | 1729.4 |
         Swamp |   5152 |   4901 |    251 |      4 |   3623 |   4 | 1288.0 |
     Snake Pit |   7408 |   7119 |    289 |      0 |   5282 |   4 | 1852.0 |
  Orcish Mines |   2368 |   2234 |    134 |      0 |   1783 |   2 | 1184.0 |
        Vaults |    157 |    157 |      0 |      0 |      0 |   1 |  157.0 |
       Ossuary |    832 |    832 |      0 |      0 |    401 |   1 |  832.0 |
    Desolation |    957 |    957 |      0 |    160 |    392 |   1 |  957.0 |
      Gauntlet |    766 |    766 |      0 |      0 |    492 |   1 |  766.0 |
               +--------+--------+--------+--------+--------+-----+--------+

Top non-repeatable levels by time:
 Snake:3: 2560 daAuts
  Lair:5: 2446 daAuts
  Lair:1: 2201 daAuts
 Snake:1: 1998 daAuts
 Snake:4: 1966 daAuts
  Lair:2: 1780 daAuts
     D:7: 1774 daAuts
 Swamp:1: 1707 daAuts
   Orc:1: 1693 daAuts
    D:15: 1651 daAuts
     D:6: 1565 daAuts
 Swamp:4: 1471 daAuts
    D:10: 1460 daAuts
    D:13: 1390 daAuts
     D:8: 1335 daAuts
